 Dungeon Crawl Stone Soup version 0.30.0-10-gfe55d96785 (webtiles) character file.

Game seed: 2186974944312380363

1709 qw the Cleaver (level 9, -1/55 HPs)
             Began as a Gargoyle Cinder Acolyte on May 17, 2023.
             Was a Priest of Ignis.
             Slain by a hornet (9 damage)
             ... on level 7 of the Dungeon.
             The game lasted 00:03:17 (5858 turns).

qw the Cleaver (Gargoyle Cinder Acolyte)            Turns: 5858, Time: 00:03:18

Health: -1/55      AC: 26    Str: 21    XL:     9   Next: 3%
Magic:  10/10      EV:  8    Int: 12    God:    Ignis [***...]
Gold:   51         SH:  5    Dex:  5    Spells: 10/10 levels left

rFire   + . .        Y - +2 war axe
rCold   . . .        (no shield)
rNeg    + . .        l - +0 chain mail of Noomapn {Will++ Int-4 SInv Stlth+}
rPois   inf          b - +0 helmet
rElec   +            (no cloak)
rCorr   .            c - +1 pair of gloves
SInv    +            (no boots)
Will    ++...        i - amulet of reflection Stlth
                     (no ring)
HPRegen 0.29/turn    (no ring)
MPRegen 0.12/turn

%: reflection
@: fiery-armoured
A: sickness immunity, AC +6, negative energy resistance 1, electricity
resistance, torment resistance 1, petrification resistance
a: Renounce Religion, Fiery Armour, Foxfire Swarm, Rising Flame


You were on level 7 of the Dungeon.
You worshipped Ignis.
Ignis was most pleased with you.
You visited 1 branch of the dungeon, and saw 7 of its levels.

You collected 212 gold pieces.
You spent 161 gold pieces at shops.


Innate Abilities, Weirdness & Mutations

You are immune to sickness and miasma.
Your stone body is resilient. (AC +6)
You are immune to poison.
You resist negative energy. (rN+)
You are resistant to electric shocks. (rElec)
You are resistant to unholy torment.
You are immune to petrification.


   Skills:
 + Level 6.0 Fighting
 - Level 9.1 Axes
 - Level 4.2 Armour
 - Level 1.0 Spellcasting
 - Level 3.0 Fire Magic


You had 10 spell levels left.
You didn't know any spells.
Your spell library contained the following spells:

 Spells                   Type           Power      Damage    Failure   Level
 Scorch                   Fire           14%        2d5       65%         2

Inventory:

Hand Weapons
 d - a -1 hand axe of flaming
 Y - a +2 war axe (weapon)
Armour
 b - a +0 helmet (worn)
 c - a +1 pair of gloves (worn)
 f - a +3 chain mail
 l - the +0 chain mail of Noomapn (worn) {Will++ Int-4 SInv Stlth+}
   (You acquired it on level 6 of the Dungeon)

   Int:       It affects your intelligence (-4).
   SInv:      It lets you see invisible.
   Will:      It greatly increases your willpower.
   Stlth:     It makes you more stealthy.
Jewellery
 i - an amulet of reflection (around neck)
Scrolls
 a - a scroll of teleportation
 j - 3 scrolls of identify
Potions
 e - 2 potions of mutation
 g - a potion of might
 h - 5 potions of curing
 k - a potion of resistance
 m - a potion of haste
 n - a potion of heal wounds {unknown}
 o - a potion of cancellation {unknown}
 p - a potion of attraction {unknown}

Dungeon Overview and Level Annotations

Branches:
Dungeon (7/15)             Temple (0/1) D:4

Altars:
Ashenzari
Elyvilon
Fedhas
Gozag
Makhleb
Ru
Sif Muna
Uskayaw
Vehumet
Wu Jian
Xom

Shops:
D:6 ?   D:7 =

Annotations:
D:6 2 runed translucent doors


Message History

The hornet stings you but does no damage.
You hit the hornet.
The hornet is lightly wounded.
The hornet closely misses you. The hornet stings you!
5850 ||| INVOKING Fiery Armour.
A protective cloak of flame settles atop you.
The hornet stings you but does no damage.
The hornet is burned by your cloak of flames.
The hornet is lightly wounded.
You hit the hornet but do no damage.
The hornet is lightly wounded.
You block the hornet's attack. The hornet closely misses you.
You closely miss the hornet.
The hornet is lightly wounded.
The hornet barely misses you.
You hit the hornet.
The hornet is moderately wounded.
The hornet barely misses you. You block the hornet's attack.
You hit the hornet.
The hornet is moderately wounded.
The hornet barely misses you. The hornet stings you.
You hit the hornet.
The hornet is heavily wounded.
The hornet completely misses you.
You barely miss the hornet.
The hornet is heavily wounded.
The hornet stings you but does no damage.
The hornet is burned by your cloak of flames.
The hornet is heavily wounded.
The hornet stings you but does no damage.
You barely miss the hornet.
The hornet is heavily wounded.
The hornet stings you.
You barely miss the hornet.
The hornet is heavily wounded.
The hornet stings you!
The hornet is burned by your cloak of flames.
The hornet is severely wounded.
The hornet stings you!
You die...

.......#'###.##..# #..# #######
.......#.# #.##..####...
.......#.# #.##........#
.......#.# #.##..####.# #+######
.......#.# #.##..# ...!....
.......#.###.##..## ........
..................###.# ........
.................\....# ####....
.###########.##.@################
.[...... ....!...y...............
.####### ###.###.#########.#.####
.# # #.# #.#.#### .# #.# #<......
.# #.# #.#..### .# ..# #.#..# ##
### #.#..# #.#..#


You could see a hornet.

Vanquished Creatures
  A steam dragon (D:6)
  A water moccasin (D:5)
  A sky beast (D:7)
  A black bear (D:5)
  A centaur (D:6)
  2 phantoms
  2 kobold brigands
  A scorpion (D:7)
  3 wights (D:6)
  A howler monkey (D:5)
  3 hounds
  2 orc priests
  A sleepcap (D:5)
  5 iguanas
  4 orc wizards
  A statue (D:6)
  9 adders
  A white imp (D:5)
  An ufetubus (D:6)
  2 worms (D:2)
  3 dart slugs
  26 orcs
  6 ball pythons
  7 endoplasms
  3 giant cockroaches
  6 goblins
  9 hobgoblins
  15 jackals
  15 kobolds
  3 quokkas
  3 bats
  4 frilled lizards
  5 rats
148 creatures vanquished.

Notes
Turn   | Place    | Note
-------+----------+-------------------------------------------
     0 | D:1      | qw the Gargoyle Cinder Acolyte began the quest for the Orb.
     0 | D:1      | Reached XP level 1. HP: 14/14 MP: 2/2
     0 | D:1      | 0 ||| qw: Version: 0.2-a-95-g4c1bab1
     0 | D:1      | 0 ||| qw: Game counter: 138
     0 | D:1      | 0 ||| qw: Always use a shield: true
     0 | D:1      | 0 ||| qw: God list: Okawaru
     0 | D:1      | 0 ||| qw: Allow faded altars: false
     0 | D:1      | 0 ||| qw: Do Orc after D:15 true
     0 | D:1      | 0 ||| qw: Do second Lair branch before Depths: true
     0 | D:1      | 0 ||| qw: Lair rune preference: random
     0 | D:1      | 0 ||| qw: Plans: Normal
     0 | D:1      | 0 ||| PLANNING D:1-11
    75 | D:1      | Reached skill level 3 in Axes
   116 | D:1      | Reached XP level 2. HP: 19/19 MP: 3/3
   165 | D:1      | 165 ||| Stepping ~*~*~tactically~*~*~ (hiding).
   166 | D:1      | 166 ||| Stepping ~*~*~tactically~*~*~ (hiding).
   167 | D:1      | 167 ||| Stepping ~*~*~tactically~*~*~ (hiding).
   168 | D:1      | 168 ||| Stepping ~*~*~tactically~*~*~ (hiding).
   169 | D:1      | 169 ||| Stepping ~*~*~tactically~*~*~ (hiding).
   170 | D:1      | 170 ||| Stepping ~*~*~tactically~*~*~ (hiding).
   510 | D:1      | 510 ||| Stepping ~*~*~tactically~*~*~ (hiding).
   696 | D:1      | Reached XP level 3. HP: 23/23 MP: 4/4
   730 | D:1      | 730 ||| UPGRADING to +0 leather armour.
   740 | D:1      | 740 ||| DROPPING +0 robe.
   741 | D:1      | 741 ||| UPGRADING to +0 scale mail.
   751 | D:1      | 751 ||| DROPPING +0 leather armour.
   752 | D:1      | 752 ||| UPGRADING to +0 chain mail.
   762 | D:1      | 762 ||| DROPPING +0 scale mail.
   763 | D:1      | 763 ||| READING scroll labelled VUTAOSASYTS.
   764 | D:1      | 764 ||| READING 2 scrolls labelled WOUKINALYFF.
   765 | D:1      | 765 ||| READING scroll labelled XAUMID UTWIGEURPHA.
   769 | D:1      | 769 ||| READING 2 scrolls labelled OGGAISTICO.
   770 | D:1      | 770 ||| DRINKING 2 emerald potions.
   771 | D:1      | 771 ||| DROPPING scroll of poison.
   871 | D:2      | Reached skill level 1 in Armour
  1075 | D:2      | 1075 ||| INVOKING Fiery Armour.
  1080 | D:2      | Reached skill level 4 in Axes
  1225 | D:2      | Reached XP level 4. HP: 28/28 MP: 5/5
  1375 | D:2      | 1375 ||| Stepping ~*~*~tactically~*~*~ (stealth).
  1378 | D:2      | 1378 ||| INVOKING Fiery Armour.
  1402 | D:2      | 1402 ||| Stepping ~*~*~tactically~*~*~ (hiding).
  1405 | D:2      | 1405 ||| Stepping ~*~*~tactically~*~*~ (hiding).
  1728 | D:2      | 1728 ||| UPGRADING to +0 helmet.
  1733 | D:2      | 1733 ||| DROPPING ring of flight.
  1734 | D:2      | 1734 ||| READING scroll labelled RIUMMU WICOWKU.
  1735 | D:2      | 1735 ||| READING scroll labelled MEEQER PYSOSH.
  1736 | D:2      | 1736 ||| DRINKING 3 coppery potions.
  1737 | D:2      | 1737 ||| READING 3 scrolls of identify.
  1737 | D:2      | 1737 ||| IDENTIFYING lumpy green potion
  1738 | D:2      | 1738 ||| READING 2 scrolls of identify.
  1738 | D:2      | 1738 ||| IDENTIFYING cyan potion
  1739 | D:2      | 1739 ||| DROPPING potion of invisibility.
  1740 | D:2      | 1740 ||| DROPPING 2 potions of degeneration.
  1781 | D:3      | Found an opulent altar of Gozag.
  1782 | D:3      | 1782 ||| Stepping ~*~*~tactically~*~*~ (stealth).
  1829 | D:3      | Reached XP level 5. HP: 32/32 MP: 6/6
  1992 | D:3      | 1992 ||| SWAPPING to +0 war axe.
  2104 | D:3      | 2104 ||| Stepping ~*~*~tactically~*~*~ (hiding).
  2177 | D:3      | Found a broken altar of Ashenzari.
  2243 | D:3      | Noticed a +0 dagger
  2244 | D:3      | Noticed a +0 short sword
  2244 | D:3      | Noticed a +0 dagger
  2244 | D:3      | Noticed a +0 short sword
  2244 | D:3      | Noticed a +0 falchion
  2245 | D:3      | Noticed a +0 spear
  2255 | D:3      | Found a hide-covered altar of Uskayaw.
  2255 | D:3      | Noticed a +0 falchion
  2256 | D:3      | Noticed a +0 spear
  2430 | D:3      | 2430 ||| Stepping ~*~*~tactically~*~*~ (stealth).
  2431 | D:3      | 2431 ||| Stepping ~*~*~tactically~*~*~ (stealth).
  2436 | D:3      | 2436 ||| INVOKING Fiery Armour.
  2440 | D:3      | Reached skill level 5 in Axes
  2536 | D:3      | Found a burning altar of Makhleb.
  2538 | D:3      | Found a shimmering blue altar of Sif Muna.
  2540 | D:3      | Found a white marble altar of Elyvilon.
  2563 | D:3      | Found an ornate altar of the Wu Jian Council.
  2566 | D:3      | Found a sacrificial altar of Ru.
  2663 | D:3      | 2663 ||| UPGRADING to +3 chain mail.
  2673 | D:3      | 2673 ||| DROPPING +0 chain mail.
  2674 | D:3      | 2674 ||| READING 2 scrolls labelled USOB RYIBEAXOI.
  2696 | D:3      | 2696 ||| READING scroll labelled MEDIECE TIFAQE.
  2697 | D:3      | 2697 ||| READING scroll labelled HEROSUO CUHOMIE.
  2698 | D:3      | 2698 ||| READING 2 scrolls of identify.
  2698 | D:3      | 2698 ||| IDENTIFYING bubbling emerald potion
  2699 | D:3      | 2699 ||| DROPPING potion of lignification.
  2700 | D:3      | 2700 ||| DROPPING scroll of torment.
  2822 | D:4      | Found a staircase to the Ecumenical Temple.
  2826 | D:4      | 2826 ||| Stepping ~*~*~tactically~*~*~ (hiding).
  2827 | D:4      | 2827 ||| Stepping ~*~*~tactically~*~*~ (hiding).
  2957 | D:4      | Noticed a phantom
  2974 | D:4      | Killed a phantom
  2975 | D:4      | Reached XP level 6. HP: 29/38 MP: 7/7
  3076 | D:4      | Identified the +3 short sword of Wyrd {freeze, rF+ rC+}
  3119 | D:4      | 3119 ||| Stepping ~*~*~tactically~*~*~ (stealth).
  3120 | D:4      | 3120 ||| INVOKING Fiery Armour.
  3132 | D:4      | Reached skill level 6 in Axes
  3173 | D:4      | Reached skill level 3 in Armour
  3197 | D:4      | Reached XP level 7. HP: 42/43 MP: 8/8
  3359 | D:4      | 3359 ||| UPGRADING to +0 pair of gloves.
  3364 | D:4      | 3364 ||| UPGRADING to amulet of reflection.
  3369 | D:4      | 3369 ||| DROPPING ring of magical power.
  3370 | D:4      | 3370 ||| READING 3 scrolls of identify.
  3370 | D:4      | 3370 ||| IDENTIFYING fizzy dark potion
  3371 | D:4      | 3371 ||| DROPPING potion of brilliance.
  3393 | D:5      | Entered Level 5 of the Dungeon
  3477 | D:5      | 3477 ||| Stepping ~*~*~tactically~*~*~ (stealth).
  3498 | D:5      | 3498 ||| Stepping ~*~*~tactically~*~*~ (stealth).
  3621 | D:5      | Found a shimmering altar of Xom.
  3893 | D:5      | Reached skill level 7 in Axes
  3994 | D:5      | 3994 ||| Stepping ~*~*~tactically~*~*~ (hiding).
  4166 | D:5      | Identified the +0 leather armour "Bean" {rF+++ rN++ Int-4
                  | Dex-5}
  4183 | D:5      | 4183 ||| READING scroll labelled FUTELUIHIS.
  4215 | D:6      | Found a blossoming altar of Fedhas.
  4344 | D:6      | Found Useymoh's Magic Scroll Shoppe.
  4352 | D:6      | 4352 ||| BUYING scroll of enchant weapon (105 gold).
  4352 | D:6      | Bought a scroll of enchant weapon for 105 gold pieces
  4352 | D:6      | 4352 ||| BUYING scroll of identify (28 gold).
  4352 | D:6      | Bought a scroll of identify for 28 gold pieces
  4352 | D:6      | 4352 ||| BUYING scroll of identify (28 gold).
  4352 | D:6      | Bought a scroll of identify for 28 gold pieces
  4352 | D:6      | 4352 ||| SHOPLISTING scroll of identify (28 gold, have 13).
  4352 | D:6      | 4352 ||| SHOPLISTING scroll of teleportation (42 gold, have
                  | 13).
  4352 | D:6      | 4352 ||| READING scroll of enchant weapon.
  4352 | D:6      | 4352 ||| ENCHANTING +0 war axe.
  4370 | D:6      | Found a runed translucent door.
  4370 | D:6      | Noticed a vampire mosquito
  4375 | D:6      | Reached XP level 8. HP: 46/50 MP: 9/9
  4455 | D:6      | 4455 ||| READING scroll of enchant armour.
  4455 | D:6      | 4455 ||| ENCHANTING +0 pair of gloves.
  4678 | D:6      | 4678 ||| Stepping ~*~*~tactically~*~*~ (stealth).
  4689 | D:6      | 4689 ||| INVOKING Fiery Armour.
  4704 | D:6      | Reached skill level 8 in Axes
  4958 | D:6      | Found a radiant altar of Vehumet.
  4959 | D:6      | 4959 ||| INVOKING Fiery Armour.
  5006 | D:6      | 5006 ||| Stepping ~*~*~tactically~*~*~ (stealth).
  5008 | D:6      | 5008 ||| Stepping ~*~*~tactically~*~*~ (hiding).
  5016 | D:6      | Reached skill level 6 in Fighting
  5160 | D:6      | Found a runed translucent door.
  5233 | D:6      | 5233 ||| READING scroll of enchant weapon.
  5233 | D:6      | 5233 ||| ENCHANTING +1 war axe.
  5406 | D:6      | 5406 ||| READING scroll labelled SOAPPIL TIREOH.
  5406 | D:6      | Identified a scroll of acquirement
  5406 | D:6      | 5406 ||| ACQUIRING +0 chain mail of Noomapn {Will++ Int-4
                  | SInv Stlth+}
  5406 | D:6      | Acquired the +0 chain mail of Noomapn {Will++ Int-4 SInv
                  | Stlth+}
  5408 | D:6      | 5408 ||| UPGRADING to +0 chain mail of Noomapn {Will++
                  | Int-4 SInv Stlth+}.
  5418 | D:6      | 5418 ||| READING 6 scrolls of identify.
  5418 | D:6      | 5418 ||| IDENTIFYING purple potion
  5419 | D:6      | 5419 ||| READING 5 scrolls of identify.
  5419 | D:6      | 5419 ||| IDENTIFYING smoky amethyst potion
  5420 | D:6      | 5420 ||| READING 4 scrolls of identify.
  5420 | D:6      | 5420 ||| IDENTIFYING yellow potion
  5566 | D:7      | 5566 ||| Stepping ~*~*~tactically~*~*~ (hiding).
  5748 | D:7      | 5748 ||| Stepping ~*~*~tactically~*~*~ (hiding).
  5800 | D:7      | Reached skill level 9 in Axes
  5800 | D:7      | Reached XP level 9. HP: 49/55 MP: 10/10
  5834 | D:7      | Found Sauxt's Jewellery Shop.
  5841 | D:7      | Noticed a hornet
  5842 | D:7      | 5842 ||| SHOPLISTING +4 ring of protection (396 gold, have
                  | 51).
  5842 | D:7      | 5842 ||| SHOPLISTING +4 ring of slaying (858 gold, have
                  | 51).
  5842 | D:7      | 5842 ||| SHOPLISTING +5 ring of evasion (396 gold, have
                  | 51).
  5842 | D:7      | 5842 ||| SHOPLISTING +6 ring of dexterity (396 gold, have
                  | 51).
  5842 | D:7      | 5842 ||| SHOPLISTING +6 ring of strength (396 gold, have
                  | 51).
  5842 | D:7      | 5842 ||| SHOPLISTING ring of the Tortoise {AC+8} (1408
                  | gold, have 51).
  5850 | D:7      | 5850 ||| INVOKING Fiery Armour.
  5858 | D:7      | HP: 8/55 [hornet (10)]
  5858 | D:7      | Slain by a hornet

Levels and vault maps discovered:
D:1:      shiori_shiawase, layout_basic, hangedman_decor_riveting,
          minmay_split_cup_small
D:2:      layout_loops_ring, chequers_avenue, chequers_serial_rivers_micro_c,
          minmay_heptomino_d4
D:3:      layout_basic, nicolae_uskayaw_en_pointe, lemuel_tele_altar,
          mainiacjoe_overflow_boulevard, minmay_overflow_temple_star_hex
D:4:      layout_gridville, minmay_temple_entry_statues_fountains
D:5:      layout_gridville, mainiacjoe_overflow_six_doors_small,
          hangedman_abyss_or_decor_passed, corner_web_ring
D:6:      lemuel_insect_pit, layout_basic, vehumet_statue, fedhas_altar_3,
          serial_shops, shop_fountains
D:7:      layout_basic, lightli_temple_of_fire, tso_oasis_becter,
          minmay_shop_enchanted_jewellery

Skill      XL: |  1  2  3  4  5  6  7  8 |
---------------+-------------------------+-----
Axes           | 3 4 5 6 7 9 |  9.1
Armour         | 1 2 3 4 |  4.2
Fighting       | 4 5 6 |  6.0
Spellcasting   | |  1.0
Fire Magic     | |  3.0

Action                     |  1- 3 |  4- 6 |  7- 9 || total
---------------------------+-------+-------+-------++-------
  Melee: Hand axe          |   144 |    89 |       ||   233
         War axe           |       |   112 |   252 ||   364
         Punch             |       |       |     1 ||     1
 Invoke: Fiery Armour      |     1 |     3 |     3 ||     7
    Use: Scroll            |     4 |     8 |     9 ||    21
         Potion            |     1 |     1 |       ||     2
 Armour: Robe              |    31 |       |       ||    31
         Chain mail        |    54 |   159 |   176 ||   389
  Dodge: Dodged            |    78 |    75 |    94 ||   247
  Block: Other             |       |       |    53 ||    53
         Reflection        |       |       |     1 ||     1

Table legend:
 A = Non-vault XP
 B = Vault XP
 C = Vault XP percentage of total XP
 D = Non-vault monster count
 E = Vault monster count
 F = Vault count percentage of total count
                 A         B        C        D         E       F
            +---------+---------+-------+---------+---------+-------
      Total |    2400 |      42 |   1.7 |     141 |       7 |   4.7
            +---------+---------+-------+---------+---------+-------
        D:1 |      30 |       6 |  16.7 |      17 |       3 |  15.0
        D:2 |     105 |       4 |   3.7 |      29 |       3 |   9.4
        D:3 |      94 |       0 |   0.0 |      19 |       0 |   0.0
        D:4 |     391 |       0 |   0.0 |      24 |       0 |   0.0
        D:5 |     416 |       0 |   0.0 |      10 |       0 |   0.0
        D:6 |     994 |      32 |   3.1 |      28 |       1 |   3.4
        D:7 |     370 |       0 |   0.0 |      14 |       0 |   0.0
            +---------+---------+-------+---------+---------+-------
